 Dungeon Crawl Stone Soup version 0.32-a0-43-g058985b245 (webtiles) character file.

Game seed: 1524679500861527966

81 MagusOfTheMoon the Magician (level 4, 0/30 HPs)
             Began as a Mummy Fire Elementalist on Feb 4, 2024.
             Killed from afar by Ijyb (13 damage)
             ... with a puff of flame
             ... on level 3 of the Dungeon.
             The game lasted 00:03:07 (2677 turns).

MagusOfTheMoon the Magician (MuFE)                  Turns: 2677, Time: 00:03:07

Health: 0/30       AC:  2    Str: 11    XL:     4   Next: 20%
Magic:  1/10       EV: 12    Int: 16    God:
Gold:   78         SH:  0    Dex: 12    Spells: 8/11 levels left

rFire   x . .        c - +0 rapier
rCold   + . .        (no shield)
rNeg    + + +        a - +0 robe rPois โˆž
                     (no helmet)
rElec   .            (no cloak)
rCorr   .            (no gloves)
SInv    .            (no boots)
Will    .....        (no amulet)
Stlth   ++           (no ring)
HPRegen 0.25/turn    (no ring)
MPRegen 0.12/turn

%: faith
@: no status effects
A: cold resistance 1, negative energy resistance 3, torment resistance 2, heat
vulnerability 1, in touch with death 1, no potions, faith
a: no special abilities


You were on level 3 of the Dungeon.
You visited 1 branch of the dungeon, and saw 3 of its levels.

You collected 78 gold pieces.


Innate Abilities, Weirdness & Mutations

You are immune to poison.
Your flesh is cold resistant. (rC+)
You are immune to negative energy. (rN+++)
You are immune to unholy pain and torment.
You are vulnerable to heat. (rF-)
You are in touch with the powers of death.
You do not drink.
You have a special connection with the divine. (Faith)


   Skills:
 - Level 1.5 Dodging
 - Level 1.5 Stealth
 + Level 4.0 Spellcasting
 + Level 1.9 Conjurations
 + Level 3.1 Fire Magic


You had 8 spell levels left.
You knew the following spells:

 Your Spells              Type           Power      Damage    Failure   Level
f - Foxfire               Conj/Fire      44%        2x1d6     6%          1
X - Scorch                Fire           26%        2d6       7%          2

Your spell library contained the following spells:

 Spells                   Type           Power      Damage    Failure   Level
 Inner Flame              Hex/Fire       8%         N/A       26%         3
 Volatile Blastmotes      Fire/Tloc      16%        2d11      26%         3
 Flame Wave               Conj/Fire      11%        2d6       52%         4

Inventory:

Hand Weapons
 c - a +0 rapier (weapon)
   (You found it on level 2 of the Dungeon)
Armour
 a - a +0 robe (worn)
Jewellery
 A - an amulet of the acrobat
   (You found it on level 2 of the Dungeon)
 L - a ring of flight
   (You took it off a kobold on level 1 of the Dungeon)
Scrolls
 b - a scroll of enchant weapon {unknown}
 d - a scroll of teleportation {unknown}
 e - a scroll of immolation {unknown}
 f - a scroll of blinking {unknown}

Dungeon Overview and Level Annotations

Branches:
Dungeon (3/15)

Altars:
Ru

Annotations:
D:3 Ijyb

# # # # # ######
#.##....+ ### #.#
#......## ..## #.#
#..@.+ ##.##
#.######..###
..#.###.#.......#
~..#.##.#.#####g#
~!..#.#.#...#.......#
~..#..#.#.#.#.#..ยง#....
..#.#.#.#.#.#.###g# ##
##.#....#...# .#
..##.####.###.#. ..


You could see Ijyb (combustible).


Message History

An adder comes into view. ๐Ÿ˜Ž MP[+4]
Your mp is fully restored (9).
An adder is nearby!
An adder is nearby!
Unknown command.
Casting: Scorch (safe; 8% risk of failure)
Confirm with . or Enter, or press ? or * to list all spells.
Flames lash the adder.
The adder hisses angrily.
The adder's fire resistance burns away. ๐Ÿ˜Ž MP[-2]
You lost 2 mp, and now have 7/9 mp.
Casting: Scorch (safe; 8% risk of failure)
Confirm with . or Enter, or press ? or * to list all spells.
Flames lash the adder.
The adder is burned terribly!
You kill the adder!
Your Spellcasting skill increases to level 4! ๐Ÿ˜Ž MP[-2]
You lost 2 mp, and now have 5/10 mp.
You see here an adder corpse.
Key pressed, stopping explore.
A ball python comes into view. ๐Ÿ˜Ž MP[+5]
Your mp is fully restored (10).
A ball python is nearby!
A ball python is nearby!
Unknown command.
Casting: Scorch (safe; 7% risk of failure)
Confirm with . or Enter, or press ? or * to list all spells.
Flames lash the ball python.
You kill the ball python! ๐Ÿ˜Ž MP[-2]
You lost 2 mp, and now have 8/10 mp.
Casting: Scorch (safe; 7% risk of failure)
Confirm with . or Enter, or press ? or * to list all spells.
You can't see any susceptible monsters within range! (Use Z to cast anyway.)
You now have 78 gold pieces (gained 7).
Ijyb the Twisted Goblin comes into view.
She is wielding a +0 club and carrying a wand of flame. ๐Ÿ˜Ž MP[+2]
Your mp is fully restored (10).
You conjure some foxfire! ๐Ÿ˜Ž MP[-1]
You lost 1 mp, and now have 9/10 mp.
You conjure some foxfire! ๐Ÿ˜Ž MP[-1]
You lost 1 mp, and now have 8/10 mp.
You conjure some foxfire! ๐Ÿ˜Ž MP[-1]
You lost 1 mp, and now have 7/10 mp.
There is not enough space to conjure foxfire!
There is not enough space to conjure foxfire!
The foxfire hits Ijyb but does no damage.
The foxfire hits Ijyb.
The foxfire hits Ijyb but does no damage.
Ijyb zaps a wand.
The puff of flame hits you!
The fire burns you terribly! ๐Ÿ˜• HP[-7]
You take 7 damage, and now have 23/30 hp.
MASSIVE DAMAGE!! (PAUSE)
Casting: Foxfire (safe; 6% risk of failure)
Confirm with . or Enter, or press ? or * to list all spells.
You conjure some foxfire!
Ijyb zaps a wand.
The puff of flame hits you! The fire burns you terribly!
* * * LOW HITPOINT WARNING * * *
๐Ÿ˜จ HP[-12]
You take 12 damage, and now have 11/30 hp.
MASSIVE DAMAGE!! (PAUSE) Unknown command.
Unknown command.
Unknown command.
The foxfire hits Ijyb.
Casting: Foxfire (safe; 6% risk of failure)
Confirm with . or Enter, or press ? or * to list all spells.
You conjure some foxfire! ๐Ÿ˜จ MP[-1]
You lost 1 mp, and now have 6/10 mp.
Casting: Foxfire (safe; 6% risk of failure)
Confirm with . or Enter, or press ? or * to list all spells.
You don't know that spell. ๐Ÿ˜จ HP[+1]
Casting: Foxfire (safe; 6% risk of failure)
Confirm with . or Enter, or press ? or * to list all spells.
You conjure some foxfire! ๐Ÿ˜จ MP[-1]
You lost 1 mp, and now have 5/10 mp.
The foxfire hits Ijyb.
Casting: Foxfire (safe; 6% risk of failure)
Confirm with . or Enter, or press ? or * to list all spells.
Flames lash Ijyb.
Ijyb's fire resistance burns away.
The foxfire hits Ijyb.
Ijyb is burned terribly! ๐Ÿ˜จ MP[-2]
You lost 2 mp, and now have 3/10 mp.
Casting: Scorch (safe; 7% risk of failure)
Confirm with . or Enter, or press ? or * to list all spells.
Flames lash Ijyb.
Ijyb is burned terribly!
Ijyb zaps a wand.
The puff of flame hits you! The fire burns you terribly!
You die...

Skill      XL: |  1  2  3  4 |
---------------+-------------+-----
Conjurations   | 1 |  1.9
Spellcasting   | 3 4 |  4.0
Fire Magic     | 3 |  3.1
Dodging        | |  1.5
Stealth        | |  1.5

Action                     |  1- 3 |  4- 6 || total
---------------------------+-------+-------++-------
  Melee: Unarmed           |     2 |       ||     2
         Rapier            |     1 |       ||     1
   Cast: Foxfire           |    97 |     6 ||   103
         Scorch            |     6 |     7 ||    13
 Armour: Robe              |    19 |     3 ||    22
  Dodge: Dodged            |    36 |       ||    36

Levels and vault maps discovered:
D:1:      dpeg_arrival_line_fractal, layout_basic, minmay_pentomino_r2
D:2:      minmay_angry_zag, layout_basic, hangedman_abyss_or_decor_lesser_grid
D:3:      layout_basic, nicolae_ru_awakened_eye, basic_ecumenical_altar,
          uniq_robin, uniq_grinder, uniq_ijyb

Notes
Turn   | Place    | Note
-------+----------+-------------------------------------------
     0 | D:1      | MagusOfTheMoon the Mummy Fire Elementalist began the quest
                  | for the Orb.
     0 | D:1      | Reached XP level 1. HP: 13/13 MP: 4/4
     0 | D:1      | magus.rc [v1.11.3]
   106 | D:1      | Reached skill level 1 in Conjurations
   117 | D:1      | Reached skill level 3 in Spellcasting
   196 | D:1      | Reached XP level 2. HP: 16/19 MP: 0/6
   873 | D:1      | Reached XP level 3. HP: 24/24 MP: 3/7
  1107 | D:1      | Learned a level 2 spell: Scorch
  1789 | D:2      | Reached skill level 3 in Fire Magic
  2268 | D:3      | Found a sacrificial altar of Ru.
  2309 | D:3      | Reached XP level 4. HP: 30/30 MP: 4/9
  2573 | D:3      | Reached skill level 4 in Spellcasting
  2662 | D:3      | Noticed Ijyb
  2677 | D:3      | Killed from afar by Ijyb

Vanquished Creatures
  3 adders
  A dart slug (D:2)
  6 endoplasms
  3 giant cockroaches
  6 goblins
  4 hobgoblins (D:1)
  8 kobolds
  A quokka (D:1)
  6 ball pythons
  3 bats
  4 frilled lizards
  5 rats
50 creatures vanquished.

Vanquished Creatures (others)
  164 foxfires
164 creatures vanquished.

Grand Total: 214 creatures vanquished

Table legend:
 A = Non-vault XP
 B = Vault XP
 C = Vault XP percentage of total XP
 D = Non-vault monster count
 E = Vault monster count
 F = Vault count percentage of total count
                 A         B        C        D         E       F
            +---------+---------+-------+---------+---------+-------
      Total |     110 |       7 |   6.0 |      45 |       5 |  10.0
            +---------+---------+-------+---------+---------+-------
        D:1 |      41 |       3 |   6.8 |      25 |       2 |   7.4
        D:2 |      38 |       4 |   9.5 |      16 |       3 |  15.8
        D:3 |      31 |       0 |   0.0 |       4 |       0 |   0.0
            +---------+---------+-------+---------+---------+-------

Skill      XL: |  1  2  3  4 |
---------------+-------------+-----
Conjurations   | 1 |  1.9
Spellcasting   | 3 4 |  4.0
Fire Magic     | 3 |  3.1
Dodging        | |  1.5
Stealth        | |  1.5

Action                     |  1- 3 |  4- 6 || total
---------------------------+-------+-------++-------
  Melee: Unarmed           |     2 |       ||     2
         Rapier            |     1 |       ||     1
   Cast: Foxfire           |    97 |     6 ||   103
         Scorch            |     6 |     7 ||    13
 Armour: Robe              |    19 |     3 ||    22
  Dodge: Dodged            |    36 |       ||    36

Illustrated notes

Table legend:
 A = Kills in this place as a percentage of kills in the entire game.
 B = Kills by you in this place as a percentage of kills by you in the entire game.
 C = Kills by friends in this place as a percentage of kills by friends in the entire game.
 D = Other kills in this place as a percentage of other kills in the entire game.
 E = Experience gained in this place as a percentage of experience gained in the entire game.
 F = Experience gained in this place divided by the number of levels of this place that you have seen.
                   A       B       C       D       E      F
               +-------+-------+-------+-------+-------+----------------------
         Total | 100.0 | 100.0 |   N/A |   N/A | 100.0 |  39.0
       Dungeon | 100.0 | 100.0 |   N/A |   N/A | 100.0 |  39.0
               +-------+-------+-------+-------+-------+----------------------

Table legend: (Time is in decaauts)
 A = Elapsed time spent in this place.
 B = Non-inter-level travel time spent in this place.
 C = Inter-level travel time spent in this place.
 D = Time resting spent in this place.
 E = Time spent auto-exploring this place.
 F = Levels seen in this place.
 G = Mean time per level.
                   A        B        C        D        E       F      G
               +--------+--------+--------+--------+--------+-----+--------+
         Total |   2676 |   2636 |     40 |     35 |   2248 |   3 |  892.0 |
       Dungeon |   2676 |   2636 |     40 |     35 |   2248 |   3 |  892.0 |
               +--------+--------+--------+--------+--------+-----+--------+

Top non-repeatable levels by time:
     D:2: 1143 daAuts
     D:1: 1123 daAuts
     D:3: 409 daAuts
